AoeStats
← KakashiSenpai

Arena

506571005Analyzed
2v2 RM · 19d ago on Sep 14, 2026· 29m 33s· 4 players
Game mode
Random Map
Map size
Medium (4 player)
Population
200
Speed
Normal
Resources
Standard
Victory
Conquest
Starting age
Dark Age
Ending age
Imperial Age
RankedLock teamsTeams togetherTeam positionsShared explorationLock speedFull tech treeHidden civsTurbo modeCheats
Victory
Defeat
🇵🇪 Bohemians · Peru
1034
+16
🇵🇪 Sicilians · Peru
1009
+16
🇨🇦 Franks · Canada
1050
-46
🇺🇸 Hindustanis · United States
1000
-45
KakashiSenpai
12:04 Feudal Age
13:09 Loom
15:54 Castle Age
14:55 Double-Bit Axe
16:45 Loom
18:10 Bow Saw
24:58 First Crusade
25:36 Forging
26:52 Horse Collar
27:52 Iron Casting
27:19 Scale Mail Armor
28:03 Wheelbarrow
27:15 Town Watch
27:28 Gold Mining
27:33 Pikeman
Zizou777
0:32 Loom
11:26 Feudal Age
15:13 Castle Age
13:44 Double-Bit Axe
18:47 Horse Collar
19:14 Fletching
21:34 Pikeman
23:46 Bow Saw
30:10 Imperial Age
28:45 Murder Holes
29:14 Ballistics
29:04 Town Watch
30:08 Wheelbarrow
Meatyowllegs
2:59 Loom
11:10 Feudal Age
12:40 Wheelbarrow
13:26 Double-Bit Axe
14:03 Horse Collar
14:37 Man-at-Arms
21:19 Arson
23:54 Castle Age
21:58 Scale Mail Armor
22:00 Padded Archer Armor
23:08 Stone Mining
24:13 Long Swordsman
24:54 Squires
27:37 Forging
Hat Trick Hazy
10:15 Feudal Age
14:29 Castle Age
13:30 Double-Bit Axe
15:55 Bow Saw
25:18 Loom
28:34 Imperial Age
27:16 Scale Mail Armor
27:13 Gold Mining
27:14 Stone Mining
28:45 Chain Mail Armor
29:53 Forging
30:38 Plate Mail Armor
Connection lost

Rejoining the realm…

Still unreachable

The connection could not be restored.

Session expired

The server has moved on; the page needs a fresh start.